 Dungeon Crawl Stone Soup version 0.31-a0-691-g409c26aa35 (webtiles) character file.

Game seed: 5263267519103492434

612 qw the Skirmisher (level 7, -1/43 HPs)
             Began as a Gargoyle Hunter on Sept 6, 2023.
             Slain by an orc warrior
             ... wielding a +1 vampiric war axe
              (15 damage)
             ... on level 5 of the Dungeon.
             The game lasted 00:01:57 (4109 turns).

qw the Skirmisher (Gargoyle Hunter)                 Turns: 4109, Time: 00:01:57

Health: -1/43      AC: 14    Str: 15    XL:     7   Next: 44%
Magic:  7/7        EV: 11    Int:  9    God:
Gold:   160        SH:  0    Dex: 15    Spells: 6/6 levels left

rFire   . . .        Y - +0 shortbow
rCold   + . .        (shield currently unavailable)
rNeg    + . .        k - +2 ring mail {rPois}
rPois   inf          a - +0 helmet
rElec   +            n - +0 cloak
rCorr   .            (no gloves)
SInv    .            (no boots)
Will    .....        (no amulet)
Stlth   +            i - ring of protection from cold
HPRegen 0.27/turn    (no ring)
MPRegen 0.10/turn

%: no passive effects
@: no status effects
A: sickness immunity, AC +4, negative energy resistance 1, electricity
resistance, torment resistance 1, petrification resistance
a: no special abilities


You were on level 5 of the Dungeon.
You visited 1 branch of the dungeon, and saw 5 of its levels.

You collected 160 gold pieces.


Innate Abilities, Weirdness & Mutations

You are immune to sickness and miasma.
Your stone body is resilient. (AC +4)
You are immune to poison.
You resist negative energy. (rN+)
You are resistant to electric shocks. (rElec)
You are resistant to unholy torment.
You are immune to petrification.


   Skills:
 - Level 4.0 Fighting
 - Level 8.0 Ranged Weapons
 + Level 1.7 Armour
 - Level 1.5 Dodging
 - Level 1.1 Stealth


You had 6 spell levels left.
You didn't know any spells.
Your spell library was empty.

Inventory:

Hand Weapons
 Y - a +0 shortbow (weapon)
Armour
 a - a +0 helmet (worn)
 k - a +2 ring mail of poison resistance (worn)
 n - a +0 cloak (worn)
Jewellery
 i - a ring of protection from cold (left hand)
Scrolls
 f - a scroll of identify
Potions
 b - a potion of curing
 c - a potion of brilliance {unknown}
 d - a potion of might {unknown}
 e - a potion of cancellation {unknown}
 h - a potion of heal wounds
 j - a potion of enlightenment

Dungeon Overview and Level Annotations

Branches:
Dungeon (5/15)
 Temple: D:4-7

Altars:
Gozag
Ru

Shops:
D:2 =   D:3 *

Annotations:
D:1 1 runed translucent door
D:4 3 runed translucent doors, qw's ghost, novice GrHs


Message History

You shoot an arrow.
The arrow barely misses the orc warrior.
You shoot an arrow. The arrow hits the orc warrior!
The orc warrior is heavily wounded.
The orc warrior hits you with a +1 vampiric war axe.
The orc hits you with a +0 whip.
You shoot an arrow.
The arrow closely misses the orc warrior.
The orc warrior hits you but does no damage.
The orc barely misses you. x2
You shoot an arrow.
The arrow hits the orc warrior but does no damage.
The orc warrior is heavily wounded.
The orc warrior hits you with a +1 vampiric war axe.
The orc misses you. The orc hits you with a +0 hand axe.
4105 ||| DRINKING 2 potions of heal wounds.
You feel much better.
The orc warrior hits you with a +1 vampiric war axe!
The orc barely misses you. The orc hits you but does no damage.
You shoot an arrow.
The arrow hits the orc warrior but does no damage.
The orc warrior is heavily wounded.
The orc warrior hits you with a +1 vampiric war axe.
The orc hits you but does no damage. The orc completely misses you.
You shoot an arrow.
The arrow hits the orc warrior but does no damage.
The orc warrior is heavily wounded.
The orc warrior hits you with a +1 vampiric war axe.
The orc hits you but does no damage. The orc closely misses you.
You shoot an arrow. The arrow hits the orc warrior.
The orc warrior is heavily wounded.
The orc warrior hits you but does no damage.
The orc hits you but does no damage. The orc misses you.
The orc barely misses you.
The orc warrior curses noisily.
The orc warrior barely misses you. The orc hits you but does no damage.
You shoot an arrow. The arrow hits the orc warrior!
The orc warrior is severely wounded.
The orc warrior hits you with a +1 vampiric war axe!
You die...

#########
#.......##
#........#
######........+
#............#
#............##.
#.o.............
#.@.##..<....##
#.oo##.......#
#...............
#...............
#...............
'...##.....#..#.
##...##.[...####
#...##......


You could see an orc warrior and 2 orcs.

Vanquished Creatures
  3 scorpions (D:4)
  A jelly (D:4)
  A hound (D:5)
  Natasha (twice) (D:4)
  13 gnolls
  3 adders (D:2)
  2 worms
  2 dart slugs
  5 orcs (D:3)
  5 bats
  4 endoplasms
  6 giant cockroaches
  36 goblins
  27 hobgoblins
  4 jackals (D:3)
  12 kobolds
  2 quokkas (D:2)
  8 ball pythons
  4 frilled lizards
  5 rats
145 creatures vanquished.

Notes
Turn   | Place    | Note
-------+----------+-------------------------------------------
     0 | D:1      | qw the Gargoyle Hunter began the quest for the Orb.
     0 | D:1      | Reached XP level 1. HP: 12/12 MP: 1/1
     0 | D:1      | Noticed a jelly
     0 | D:1      | 0 ||| qw: Version: 0.3-a-76-g4403597
     0 | D:1      | 0 ||| qw: Game counter: 37
     0 | D:1      | 0 ||| qw: Melee chars always use a shield: true
     0 | D:1      | 0 ||| qw: God list: Okawaru
     0 | D:1      | 0 ||| qw: Allow faded altars: false
     0 | D:1      | 0 ||| qw: Do Orc after clearing Dungeon:15 true
     0 | D:1      | 0 ||| qw: Do second Lair branch before Depths: true
     0 | D:1      | 0 ||| qw: Lair rune preference: random
     0 | D:1      | 0 ||| qw: Goals: Normal
     0 | D:1      | 0 ||| PLANNING D:1-11
     1 | D:1      | Found a runed translucent door.
   100 | D:1      | Reached XP level 2. HP: 13/17 MP: 2/2
   627 | D:1      | Reached XP level 3. HP: 21/21 MP: 3/3
   858 | D:1      | 858 ||| UPGRADING to +0 ring mail.
   868 | D:1      | 868 ||| DROPPING +0 leather armour.
   869 | D:1      | 869 ||| UPGRADING to ring of protection from cold.
   870 | D:1      | 870 ||| READING scroll labelled LINORU MELADWA.
   871 | D:1      | 871 ||| READING scroll labelled WIT ILLIOMIAPS.
   972 | D:1      | 972 ||| READING scroll labelled UBEESUO FIEKH.
   973 | D:1      | 973 ||| DROPPING scroll of butterflies.
   981 | D:2      | 981 ||| STAIRDANCE
  1029 | D:2      | 1029 ||| STAIRDANCE
  1109 | D:2      | HP: 5/21 [worm (5)]
  1112 | D:2      | Reached skill level 1 in Armour
  1211 | D:2      | Found Nodduk's Jewellery Shop.
  1222 | D:2      | 1222 ||| SHOPLISTING +4 ring of slaying (1014 gold, have
                  | 31).
  1222 | D:2      | 1222 ||| SHOPLISTING amulet of the acrobat (390 gold, have
                  | 31).
  1222 | D:2      | 1222 ||| SHOPLISTING ring "Fesiu" {Drain Fly rCorr Str+4}
                  | (427 gold, have 31).
  1222 | D:2      | 1222 ||| SHOPLISTING ring of see invisible (195 gold, have
                  | 31).
  1266 | D:2      | Reached skill level 5 in Ranged Weapons
  1326 | D:2      | Reached XP level 4. HP: 20/27 MP: 4/4
  1360 | D:2      | Reached skill level 3 in Fighting
  1566 | D:2      | 1566 ||| UPGRADING to +0 helmet.
  1571 | D:2      | 1571 ||| READING scroll labelled HAUSUTIANN.
  1572 | D:2      | 1572 ||| READING 2 scrolls labelled KINIYX XIVYLI.
  1681 | D:3      | Found Gozag's Platinum Reserve.
  1874 | D:3      | Found an opulent altar of Gozag.
  1886 | D:3      | 1886 ||| SHOPLISTING +4 ring mail "Suwis" {Int-4 Dex+4}
                  | (3100 gold, have 46).
  1886 | D:3      | 1886 ||| SHOPLISTING ring "Daackuat" {Fire Fly MP-9 Str+5
                  | Slay+2} (3410 gold, have 46).
  1993 | D:3      | 1993 ||| Stepping ~*~*~tactically~*~*~ (outnumbered).
  1998 | D:3      | 1998 ||| Stepping ~*~*~tactically~*~*~ (outnumbered).
  2002 | D:3      | 2002 ||| Stepping ~*~*~tactically~*~*~ (outnumbered).
  2323 | D:3      | 2323 ||| Stepping ~*~*~tactically~*~*~ (outnumbered).
  2331 | D:3      | Reached XP level 5. HP: 30/32 MP: 5/5
  2335 | D:3      | 2335 ||| FLEEEEING.
  2336 | D:3      | 2336 ||| FLEEEEING.
  2337 | D:3      | 2337 ||| FLEEEEING.
  2338 | D:3      | 2338 ||| FLEEEEING.
  2339 | D:3      | 2339 ||| FLEEEEING.
  2340 | D:3      | 2340 ||| FLEEEEING.
  2341 | D:3      | 2341 ||| FLEEEEING.
  2355 | D:3      | 2355 ||| FLEEEEING.
  2458 | D:3      | Reached skill level 6 in Ranged Weapons
  2458 | D:3      | 2458 ||| Stepping ~*~*~tactically~*~*~ (outnumbered).
  2610 | D:3      | 2610 ||| FLEEEEING.
  2611 | D:3      | 2611 ||| FLEEEEING.
  2612 | D:3      | 2612 ||| FLEEEEING.
  2613 | D:3      | 2613 ||| FLEEEEING.
  2637 | D:3      | 2637 ||| Stepping ~*~*~tactically~*~*~ (outnumbered).
  2708 | D:3      | Reached XP level 6. HP: 31/38 MP: 6/6
  2884 | D:3      | 2884 ||| Stepping ~*~*~tactically~*~*~ (outnumbered).
  3024 | D:3      | 3024 ||| UPGRADING to +2 ring mail of poison resistance.
  3034 | D:3      | 3034 ||| DROPPING +0 ring mail.
  3035 | D:3      | 3035 ||| DRINKING 2 fuming dark potions.
  3232 | D:4      | Reached skill level 7 in Ranged Weapons
  3260 | D:4      | Found a sacrificial altar of Ru.
  3340 | D:4      | Found a runed translucent gate.
  3340 | D:4      | Found a runed translucent gate.
  3340 | D:4      | Found a runed translucent gate.
  3341 | D:4      | Found an opulent altar of Gozag.
  3342 | D:4      | Noticed qw's ghost (novice GrHs)
  3394 | D:4      | Noticed Natasha
  3401 | D:4      | Killed Natasha
  3402 | D:4      | Reached XP level 7. HP: 37/43 MP: 7/7
  3479 | D:4      | Noticed Natasha
  3485 | D:4      | Killed Natasha
  3674 | D:4      | Reached skill level 8 in Ranged Weapons
  4019 | D:4      | 4019 ||| UPGRADING to +0 cloak.
  4024 | D:4      | 4024 ||| DROPPING amulet of magic regeneration.
  4025 | D:4      | 4025 ||| READING scroll labelled WISHROCK INKO.
  4026 | D:4      | 4026 ||| READING scroll labelled AGEIDD PIARY.
  4027 | D:4      | 4027 ||| READING scroll labelled QOUNIMN EHIFU.
  4065 | D:4      | 4065 ||| READING scroll labelled CEAMPI LEYG.
  4066 | D:4      | 4066 ||| DRINKING 2 red potions.
  4067 | D:4      | 4067 ||| READING 2 scrolls of identify.
  4067 | D:4      | 4067 ||| IDENTIFYING pink potion
  4081 | D:5      | Entered Level 5 of the Dungeon
  4082 | D:5      | 4082 ||| PLANNING SEWER
  4104 | D:5      | HP: 10/43 [orc/+0 hand axe (3)]
  4105 | D:5      | 4105 ||| DRINKING 2 potions of heal wounds.
  4109 | D:5      | Slain by an orc warrior

Levels and vault maps discovered:
D:1:      dpeg_arrival_caged_fury, layout_basic
D:2:      layout_rooms, serial_shops, shop
D:3:      minmay_goblin_kobold_castle, layout_loops_ring,
          nicolae_gozag_zags_fifth_avenue, grunt_ministairs_6, moated_statue,
          minivault_23
D:4:      layout_cave_pods, nicolae_overflow_crystal_walls, ebering_ghost_gozag,
          minmay_misc_feat_secret_circle, uniq_natasha
D:5:      layout_gridville, mainiacjoe_overflow_surrounded_room,
          portal_sewer_entry_b, serial_shops, nicolae_shop_bloodbath_and_beyond

Skill      XL: |  1  2  3  4  5  6  7 |
---------------+----------------------+-----
Armour         | 1 |  1.7
Ranged Weapons | 5 6 7 8 |  8.0
Fighting       | 3 4 |  4.0
Dodging        | |  1.5
Stealth        | |  1.1

Action                     |  1- 3 |  4- 6 |  7- 9 || total
---------------------------+-------+-------+-------++-------
   Fire: Shortbow          |   106 |   297 |    62 ||   465
    Use: Scroll            |     3 |     2 |     5 ||    10
         Potion            |       |     1 |     2 ||     3
 Armour: Leather armour    |    12 |       |       ||    12
         Ring mail         |    30 |   169 |    29 ||   228
  Dodge: Dodged            |    35 |   122 |    19 ||   176

Table legend:
 A = Non-vault XP
 B = Vault XP
 C = Vault XP percentage of total XP
 D = Non-vault monster count
 E = Vault monster count
 F = Vault count percentage of total count
                 A         B        C        D         E       F
            +---------+---------+-------+---------+---------+-------
      Total |     604 |     271 |  31.0 |      82 |      63 |  43.4
            +---------+---------+-------+---------+---------+-------
        D:1 |      38 |       0 |   0.0 |      20 |       0 |   0.0
        D:2 |      70 |       0 |   0.0 |      20 |       0 |   0.0
        D:3 |      40 |     236 |  85.5 |      18 |      62 |  77.5
        D:4 |     414 |      35 |   7.8 |      23 |       1 |   4.2
        D:5 |      42 |       0 |   0.0 |       1 |       0 |   0.0
            +---------+---------+-------+---------+---------+-------
